 Dungeon Crawl Stone Soup version 0.28.0 (webtiles) character file.

Game seed: 6471458870321567238

2664 GrayStillPlays the Blocker (level 9, -5/74 HPs)
             Began as a Gnoll Fighter on Feb 7, 2022.
             Slain by an orc (6 damage)
             ... in a bailey.
             The game lasted 00:13:51 (7107 turns).

GrayStillPlays the Blocker (Gnoll Fighter)          Turns: 7107, Time: 00:13:51

Health: -5/74      AC: 12    Str: 21    XL:     9   Next: 63%
Magic:  5/5        EV:  9    Int: 12    God:
Gold:   420        SH:  6    Dex: 12    Spells: 16/16 levels left

rFire   . . .      SeeInvis .   w - +11 spear "Gitofah" {antimagic, rPois, polearm}
rCold   . . .      Faith    .   c - +0 buckler
rNeg    . . .      Spirit   .   C - +0 chain mail
rPois   +          Reflect  .   (no helmet)
rElec   .          Harm     .   (no cloak)
rCorr   .          Rampage  .   B - +0 pair of gloves
Will    .....                   (no boots)
Stlth   ..........              (no amulet)
HPRegen 0.22/turn               l - +6 ring of strength
MPRegen 0.09/turn               (no ring)

@: very slow
A: fangs 1, strong nose, distributed training
a: no special abilities


You were in a bailey.
You visited 2 branches of the dungeon, and saw 8 of its levels.
You also visited: Bailey.

You collected 420 gold pieces.


Innate Abilities, Weirdness & Mutations

You have very sharp teeth.
Your uncanny sense of smell can sniff out nearby items.
Your experience applies equally to all skills.


   Skills:
 + Level 8.0 Fighting
 + Level 4.4 Short Blades
 + Level 4.4 Long Blades
 + Level 6.4 Axes
 + Level 4.4 Maces & Flails
 + Level 4.4 Polearms
 + Level 4.4 Staves
 + Level 4.4 Slings
 + Level 4.4 Bows
 + Level 4.4 Crossbows
 + Level 4.4 Throwing
 + Level 8.0 Armour
 + Level 4.4 Dodging
 + Level 4.4 Stealth
 + Level 8.0 Shields
 + Level 4.4 Unarmed Combat
 + Level 4.4 Spellcasting
 + Level 3.6 Conjurations
 + Level 3.6 Hexes
 + Level 3.6 Summonings
 + Level 3.6 Necromancy
 + Level 3.6 Translocations
 + Level 3.6 Transmutations
 + Level 3.6 Fire Magic
 + Level 3.6 Ice Magic
 + Level 3.6 Air Magic
 + Level 3.6 Earth Magic
 + Level 3.6 Poison Magic
 + Level 4.9 Invocations
 + Level 4.4 Evocations


You had 16 spell levels left.
You didn't know any spells.
Your spell library contained the following spells:

 Spells                   Type           Power      Damage    Failure   Level
 Call Canine Familiar     Summ           11%        N/A       78%         3
 Ozocubu's Armour         Ice            11%        N/A       78%         3
 Portal Projectile        Hex/Tloc       22%        N/A       78%         3
 Leda's Liquefaction      Hex/Erth       5%         N/A       99%         4
 Iskenderun's Battlesphe  Conj           11%        2d7       100%        5
 Metabolic Englaciation   Hex/Ice        5%         N/A       100%        5
 Iron Shot                Conj/Erth      5%         9d2       100%        6
 Simulacrum               Ice/Necr       5%         N/A       100%        6
 Spellforged Servitor     Conj/Summ      5%         N/A       100%        7

Inventory:

Hand Weapons
 a - a +0 war axe {axe}
 w - the +11 spear "Gitofah" (weapon) {antimagic, rPois, polearm}
   (You found it on level 3 of the Dungeon)

   It reduces the magical energy of the wielder, and disrupts the spells and
   magical abilities of those it strikes.
   Natural abilities and divine invocations are not affected.
   rPois:     It protects you from poison.
Missiles
 g - 246 stones {throwing}
 i - 4 poisoned darts (quivered) {throwing}
 m - 18 sling bullets
 G - 24 bolts
 H - 47 arrows
Armour
 c - a +0 buckler (worn)
 B - a +0 pair of gloves (worn)
   (You found it on level 4 of the Dungeon)
 C - a +0 chain mail (worn)
   (You found it on level 5 of the Dungeon)
Jewellery
 l - a +6 ring of strength (left hand)
   (You found it on level 1 of the Dungeon)
 A - a ring of fire
   (You found it on level 4 of the Dungeon)
 I - a ring of poison resistance
   (You found it on level 6 of the Dungeon)
Wands
 d - a wand of flame (21)
   (You took it off Ijyb on level 3 of the Dungeon)
 v - a wand of digging (4)
   (You took it off Grinder on level 3 of the Dungeon)
 J - a wand of paralysis (11)
   (You found it on level 7 of the Dungeon)
Scrolls
 b - a scroll of enchant weapon {unknown}
 e - a scroll of enchant armour {unknown}
 h - a scroll of vulnerability {unknown}
 j - 5 scrolls of teleportation {unknown}
 n - 2 scrolls of noise {unknown}
 o - 4 scrolls of magic mapping {unknown}
 p - 2 scrolls of amnesia {unknown}
 q - a scroll of holy word {unknown}
 t - 6 scrolls of identify {unknown}
 x - 2 scrolls of immolation {unknown}
 y - 2 scrolls of fog {unknown}
Potions
 f - 4 potions of curing {unknown}
 k - 2 potions of ambrosia {unknown}
 r - a potion of berserk rage {unknown}
 s - 2 potions of brilliance
 u - a potion of mutation {unknown}
 z - a potion of haste {unknown}
 D - 2 potions of resistance {unknown}
 E - a potion of attraction {unknown}
 F - a potion of lignification {unknown}

Dungeon Overview and Level Annotations

Branches:
Dungeon (7/15)             Temple (1/1) D:7          Bailey (1/1)

Altars:
Cheibriados
Dithmenos
Elyvilon
Fedhas
Kikubaaqudgha
Makhleb
Nemelex Xobeh
Okawaru
Qazlal
Ru
Trog
Wu Jian
Xom
The Shining One

Annotations:
D:5 2 transporters, Tirrikindir's ghost, novice OpFi

≈≈..## ∩.≈≈..#
##.≈≈..#+# #.≈≈..##.##
#.≈o.##... #.≈.##...
#.oo########## ###
#.ooo.o......## ##..
#.≈ooo≈@≈≈≈≈..##∆∆∆##..≈
#...o.o....≈≈..## ##..≈≈
##########..≈≈..###..≈≈.
##..≈≈.....≈≈..
##..≈≈≈≈≈≈≈..#
##.........##
###########


You could see 11 orcs.


Message History

The orc hits you from afar with a +0 trident.
* * * LOW HITPOINT WARNING * * *
The orc hits you but does no damage. 😨 HP[-1]
You take 1 damage, and now have 19/74 hp.
You hit the orc warrior. The orc warrior misses you.
You block the orc's attack.
The orc hits you from afar with a +0 trident.
* * * LOW HITPOINT WARNING * * *
😱 HP[-3]
You take 3 damage, and now have 16/74 hp.
You puncture the orc warrior!
You kill the orc warrior!
The orc hits you but does no damage. The orc barely misses you. 😱 HP[+1]
The orc barely misses you. You block the orc's attack. The orc misses you.
Items here: )) [[.
You block the orc's attack. The orc hits you but does no damage. x2
Found a gate leading back out of this place.
The orc hits you from afar with a +0 trident.
* * * LOW HITPOINT WARNING * * *
The orc closely misses you. 😱 HP[-2]
You take 2 damage, and now have 15/74 hp. 😱 HP[+1] 😱 HP[+1]
You block the orc's attack.
An orc comes into view. It is wielding a +0 spear.
The orc shouts! 😱 HP[+1]
The orc closely misses you. 😨 HP[+1]
The orc completely misses you. The orc hits you but does no damage.
An orc comes into view. It is wielding a +0 spear.
The orc warrior shouts!
The orc shouts!
An orc comes into view. It is wielding a +0 halberd. 😨 HP[+1]
The orc shouts!
You hear a shout!
An orc comes into view. It is wielding a +0 trident.
The orc shouts!
An orc comes into view. It is wielding a +0 spear.
An orc comes into view. It is wielding a +0 halberd.
The orc hits you but does no damage.
The orc shouts! x2
You block the orc's attack.
Unknown command. 😨 HP[+1]
The orc hits you from afar with a +0 trident.
* * * LOW HITPOINT WARNING * * *
😱 HP[-5]
You take 5 damage, and now have 16/74 hp.
You enter the shallow water.
Moving in this stuff is going to be slow.
An orc comes into view. It is wielding a +0 trident.
Found a gate leading back out of this place.
The orc shouts!
The orc hits you but does no damage. x2; You block the orc's attack.
The orc hits you but does no damage.
An orc comes into view. It is wielding a +0 spear.
The orc shouts!
The orc splashes around in the water.
The orc barely misses you. 😱 HP[+1]
You enter the shallow water.
Moving in this stuff is going to be slow.
The orc hits you from afar with a +0 halberd!
* * * LOW HITPOINT WARNING * * *
The orc closely misses you. You block the orc's attack. x2
The orc misses you. The orc completely misses you.
The orc hits you but does no damage. 😱 HP[-7]
You take 7 damage, and now have 10/74 hp.
The orc hits you but does no damage. The orc closely misses you.
The orc hits you from afar with a +0 trident.
* * * LOW HITPOINT WARNING * * *
The orc splashes around in the water. 😱 HP[-1]
You take 1 damage, and now have 9/74 hp.
The orc hits you from afar with a +0 trident!
* * * LOW HITPOINT WARNING * * *
You block the orc's attack. The orc hits you but does no damage.
The orc closely misses you. The orc hits you but does no damage. x2
The orc splashes around in the water.
The orc closely misses you. 😱 HP[-6]
You take 6 damage, and now have 3/74 hp.
You block the orc's attack. The orc misses you. The orc barely misses you.
You block the orc's attack. The orc barely misses you.
The orc closely misses you.
You enter the shallow water.
Moving in this stuff is going to be slow.
The orc misses you. You block the orc's attack.
The orc splashes around in the water.
The orc hits you from afar with a +0 spear.
* * * LOW HITPOINT WARNING * * *
The orc hits you but does no damage. You block the orc's attack.
The orc closely misses you. 😱 HP[-2]
You take 2 damage, and now have 1/74 hp.
The orc hits you but does no damage. The orc hits you with a +0 trident.
You die...

Skill      XL: |  1  2  3  4  5  6  7  8  9 |
---------------+----------------------------+-----
Invocations    | 1 2 3 4 |  4.9
Short Blades   | 1 2 3 4 |  4.4
Long Blades    | 1 2 3 4 |  4.4
Maces & Flails | 1 2 3 4 |  4.4
Polearms       | 1 2 3 4 |  4.4
Staves         | 1 2 3 4 |  4.4
Slings         | 1 2 3 4 |  4.4
Bows           | 1 2 3 4 |  4.4
Crossbows      | 1 2 3 4 |  4.4
Throwing       | 1 2 3 4 |  4.4
Dodging        | 1 2 3 4 |  4.4
Stealth        | 1 2 3 4 |  4.4
Unarmed Combat | 1 2 3 4 |  4.4
Spellcasting   | 1 2 3 4 |  4.4
Conjurations   | 1 2 3 |  3.6
Hexes          | 1 2 3 |  3.6
Summonings     | 1 2 3 |  3.6
Necromancy     | 1 2 3 |  3.6
Translocations | 1 2 3 |  3.6
Transmutations | 1 2 3 |  3.6
Fire Magic     | 1 2 3 |  3.6
Ice Magic      | 1 2 3 |  3.6
Air Magic      | 1 2 3 |  3.6
Earth Magic    | 1 2 3 |  3.6
Poison Magic   | 1 2 3 |  3.6
Evocations     | 1 2 3 4 |  4.4
Axes           | 5 6 |  6.4
Fighting       | 7 8 |  8.0
Armour         | 7 8 |  8.0
Shields        | 7 8 |  8.0

Action                   |  1- 3 |  4- 6 |  7- 9 || total
-------------------------+-------+-------+-------++-------
Melee: War axe           |    74 |   107 |     2 ||   183
       Bite              |     4 |     9 |    37 ||    50
       Spear             |       |       |   249 ||   249
Throw: Dart              |       |       |     8 ||     8
Evoke: Wand              |       |     2 |     1 ||     3
  Use: Potion            |       |     1 |       ||     1
Armor: Scale mail        |    31 |    45 |    20 ||    96
       Chain mail        |       |       |    92 ||    92
Dodge: Dodged            |    29 |    45 |   114 ||   188
Block: Buckler           |    16 |    34 |    73 ||   123

Levels and vault maps discovered:
D:1:      kennysheep_arrival_seaside, layout_basic
D:2:      layout_rooms, shapermc_ecumenical_altar_gd
D:3:      minmay_inner_zag, layout_rooms, mainiacjoe_overflow_24_doors,
          mainiacjoe_overflow_surrounded_room, marbit_many_paths,
          serial_park_tiny_2, uniq_natasha, uniq_grinder, uniq_ijyb, uniq_pargi
D:4:      layout_basic, nicolae_overflow_crystal_walls, guppyfry_early_lair_pool
D:5:      layout_basic, gammafunk_ghost_arena, uniq_blork_the_orc
D:6:      layout_loops_ring, due_unseen_surprise
D:7:      layout_loops_ring, nzn_overflow_gifts_of_might_and_magic,
          minmay_temple_entry_gardened_gates, lightli_bailey_entry_fortress,
          kennysheep_generic_room_5, uniq_crazy_yiuf_cottage
Temple:   grunt_temple_mini_profane
Bailey:   bailey_polearm_1, bailey

Notes
Turn   | Place    | Note
-------+----------+-------------------------------------------
     0 | D:1      | GrayStillPlays the Gnoll Fighter began the quest for the
                  | Orb.
     0 | D:1      | Reached XP level 1. HP: 23/23 MP: 1/1
     0 | D:1      | magus.rc [v1.9.6]
    47 | D:1      | Reached XP level 2. HP: 29/29 MP: 2/2
   415 | D:1      | Reached XP level 3. HP: 31/35 MP: 3/3
   893 | D:2      | Reached skill level 1 in Invocations
  1067 | D:2      | Reached skill level 1 in Short Blades
  1067 | D:2      | Reached skill level 1 in Long Blades
  1067 | D:2      | Reached skill level 1 in Maces & Flails
  1067 | D:2      | Reached skill level 1 in Polearms
  1067 | D:2      | Reached skill level 1 in Staves
  1067 | D:2      | Reached skill level 1 in Slings
  1067 | D:2      | Reached skill level 1 in Bows
  1067 | D:2      | Reached skill level 1 in Crossbows
  1067 | D:2      | Reached skill level 1 in Throwing
  1067 | D:2      | Reached skill level 1 in Dodging
  1067 | D:2      | Reached skill level 1 in Stealth
  1067 | D:2      | Reached skill level 1 in Unarmed Combat
  1067 | D:2      | Reached skill level 1 in Spellcasting
  1067 | D:2      | Reached skill level 1 in Conjurations
  1067 | D:2      | Reached skill level 1 in Hexes
  1067 | D:2      | Reached skill level 1 in Summonings
  1067 | D:2      | Reached skill level 1 in Necromancy
  1067 | D:2      | Reached skill level 1 in Translocations
  1067 | D:2      | Reached skill level 1 in Transmutations
  1067 | D:2      | Reached skill level 1 in Fire Magic
  1067 | D:2      | Reached skill level 1 in Ice Magic
  1067 | D:2      | Reached skill level 1 in Air Magic
  1067 | D:2      | Reached skill level 1 in Earth Magic
  1067 | D:2      | Reached skill level 1 in Poison Magic
  1067 | D:2      | Reached skill level 1 in Evocations
  1067 | D:2      | Reached XP level 4. HP: 31/41 MP: 5/5
  1209 | D:2      | You pick up a book of Winter and begin reading...
  1209 | D:2      | You add the spells Ozocubu's Armour, Metabolic Englaciation
                  | and Simulacrum to your library.
  1242 | D:2      | Found a faded altar of an unknown god.
  1467 | D:3      | Found an iron altar of Okawaru.
  1495 | D:3      | Noticed Pargi
  1503 | D:3      | Noticed Ijyb
  1505 | D:3      | Killed Pargi
  1506 | D:3      | Reached XP level 5. HP: 38/47 MP: 5/7
  1632 | D:3      | Killed Ijyb
  1756 | D:3      | Reached skill level 2 in Invocations
  1756 | D:3      | Reached XP level 6. HP: 39/53 MP: 8/8
  1977 | D:3      | Noticed Natasha
  1978 | D:3      | Reached skill level 5 in Axes
  1986 | D:3      | Killed Natasha
  1987 | D:3      | Reached skill level 2 in Short Blades
  1987 | D:3      | Reached skill level 2 in Long Blades
  1987 | D:3      | Reached skill level 2 in Maces & Flails
  1987 | D:3      | Reached skill level 2 in Polearms
  1987 | D:3      | Reached skill level 2 in Staves
  1987 | D:3      | Reached skill level 2 in Slings
  1987 | D:3      | Reached skill level 2 in Bows
  1987 | D:3      | Reached skill level 2 in Crossbows
  1987 | D:3      | Reached skill level 2 in Throwing
  1987 | D:3      | Reached skill level 2 in Dodging
  1987 | D:3      | Reached skill level 2 in Stealth
  1987 | D:3      | Reached skill level 2 in Unarmed Combat
  1987 | D:3      | Reached skill level 2 in Spellcasting
  1987 | D:3      | Reached skill level 2 in Evocations
  2255 | D:3      | Noticed Natasha
  2265 | D:3      | Killed Natasha
  2269 | D:3      | You pick up a book of Power and begin reading...
  2269 | D:3      | You add the spells Iskenderun's Battlesphere, Iron Shot and
                  | Spellforged Servitor to your library.
  2394 | D:3      | Noticed Natasha
  2400 | D:3      | Killed Natasha
  2436 | D:3      | Found a sparkling altar of Nemelex Xobeh.
  2452 | D:3      | Noticed Grinder
  2463 | D:3      | Paralysed by Grinder for 4 turns
  2471 | D:3      | Killed Grinder
  2472 | D:3      | Reached skill level 7 in Fighting
  2472 | D:3      | Reached skill level 7 in Armour
  2472 | D:3      | Reached skill level 7 in Shields
  2472 | D:3      | Reached skill level 2 in Conjurations
  2472 | D:3      | Reached skill level 2 in Hexes
  2472 | D:3      | Reached skill level 2 in Summonings
  2472 | D:3      | Reached skill level 2 in Necromancy
  2472 | D:3      | Reached skill level 2 in Translocations
  2472 | D:3      | Reached skill level 2 in Transmutations
  2472 | D:3      | Reached skill level 2 in Fire Magic
  2472 | D:3      | Reached skill level 2 in Ice Magic
  2472 | D:3      | Reached skill level 2 in Air Magic
  2472 | D:3      | Reached skill level 2 in Earth Magic
  2472 | D:3      | Reached skill level 2 in Poison Magic
  2472 | D:3      | Reached XP level 7. HP: 34/60 MP: 10/10
  2730 | D:3      | Identified the +11 spear "Gitofah" {antimagic, rPois}
  2766 | D:3      | Found a burning altar of Makhleb.
  3546 | D:4      | Reached skill level 3 in Invocations
  3548 | D:4      | Found a sacrificial altar of Ru.
  3986 | D:5      | Entered Level 5 of the Dungeon
  4035 | D:5      | Reached XP level 8. HP: 63/67 MP: 4/12
  4080 | D:5      | Reached skill level 3 in Short Blades
  4080 | D:5      | Reached skill level 3 in Long Blades
  4080 | D:5      | Reached skill level 3 in Maces & Flails
  4080 | D:5      | Reached skill level 3 in Polearms
  4080 | D:5      | Reached skill level 3 in Staves
  4080 | D:5      | Reached skill level 3 in Slings
  4080 | D:5      | Reached skill level 3 in Bows
  4080 | D:5      | Reached skill level 3 in Crossbows
  4080 | D:5      | Reached skill level 3 in Throwing
  4080 | D:5      | Reached skill level 3 in Dodging
  4080 | D:5      | Reached skill level 3 in Stealth
  4080 | D:5      | Reached skill level 3 in Unarmed Combat
  4080 | D:5      | Reached skill level 3 in Spellcasting
  4080 | D:5      | Reached skill level 3 in Evocations
  4194 | D:5      | Noticed Blork the orc
  4216 | D:5      | Killed Blork the orc
  4242 | D:5      | Found a transporter.
  4245 | D:5      | Noticed Tirrikindir's ghost (novice OpFi)
  4278 | D:5      | Found a transporter.
  4376 | D:5      | You pick up a book of the Hunter and begin reading...
  4376 | D:5      | You add the spells Call Canine Familiar, Portal Projectile
                  | and Leda's Liquefaction to your library.
  4945 | D:6      | Reached skill level 4 in Invocations
  5103 | D:6      | Reached skill level 3 in Conjurations
  5103 | D:6      | Reached skill level 3 in Hexes
  5103 | D:6      | Reached skill level 3 in Summonings
  5103 | D:6      | Reached skill level 3 in Necromancy
  5103 | D:6      | Reached skill level 3 in Translocations
  5103 | D:6      | Reached skill level 3 in Transmutations
  5103 | D:6      | Reached skill level 3 in Fire Magic
  5103 | D:6      | Reached skill level 3 in Ice Magic
  5103 | D:6      | Reached skill level 3 in Air Magic
  5103 | D:6      | Reached skill level 3 in Earth Magic
  5103 | D:6      | Reached skill level 3 in Poison Magic
  5146 | D:6      | Reached skill level 6 in Axes
  5201 | D:6      | Reached XP level 9. HP: 66/72 MP: 4/14
  5717 | D:6      | HP: 10/73 [wyvern (12)]
  5719 | D:6      | Reached skill level 4 in Short Blades
  5719 | D:6      | Reached skill level 4 in Long Blades
  5719 | D:6      | Reached skill level 4 in Maces & Flails
  5719 | D:6      | Reached skill level 4 in Polearms
  5719 | D:6      | Reached skill level 4 in Staves
  5719 | D:6      | Reached skill level 4 in Slings
  5719 | D:6      | Reached skill level 4 in Bows
  5719 | D:6      | Reached skill level 4 in Crossbows
  5719 | D:6      | Reached skill level 4 in Throwing
  5719 | D:6      | Reached skill level 4 in Dodging
  5719 | D:6      | Reached skill level 4 in Stealth
  5719 | D:6      | Reached skill level 4 in Unarmed Combat
  5719 | D:6      | Reached skill level 4 in Spellcasting
  5719 | D:6      | Reached skill level 4 in Evocations
  6389 | D:6      | HP: 11/73 [orc warrior (12)]
  6764 | D:7      | Found a staircase to the Ecumenical Temple.
  6773 | Temple   | Entered the Ecumenical Temple
  6969 | D:7      | Found a bloodstained altar of Trog.
  7017 | D:7      | Reached skill level 8 in Fighting
  7017 | D:7      | Reached skill level 8 in Armour
  7017 | D:7      | Reached skill level 8 in Shields
  7028 | D:7      | Found a flagged portal.
  7041 | Bailey   | Entered a bailey
  7068 | Bailey   | HP: 16/74 [orc (3)]
  7099 | Bailey   | HP: 16/74 [orc (5)]
  7104 | Bailey   | HP: 3/74 [orc (7)]
  7106 | Bailey   | HP: 1/74 [orc (2)]
  7107 | Bailey   | Slain by an orc

Vanquished Creatures
  Grinder (D:3)
  A wyvern (D:6)
  2 water moccasins
  3 orc warriors
  3 black bears
  Pargi (D:3)
  2 necrophages (D:6)
  2 ogres
  Blork the orc (D:5)
  A water moccasin zombie (D:3)
  2 scorpions
  A water moccasin skeleton (D:2)
  3 bullfrog zombies
  7 hounds
  A bullfrog skeleton (D:3)
  A jelly (D:5)
  A centaur skeleton (D:7)
  Ijyb (D:3)
  5 iguanas
  An orc wizard (D:6)
  Natasha (thrice) (D:3)
  4 gnolls
  6 adders
  2 shadow imps
  4 worms
  3 dart slugs
  16 orcs
  3 ball pythons
  2 bats
  5 endoplasms
  5 giant cockroaches
  6 goblins
  4 hobgoblins
  4 jackals (D:1)
  11 kobolds
  4 quokkas
  3 frilled lizards
  4 rats
129 creatures vanquished.

Vanquished Creatures (others)
  5 demonic plants (D:2)
  3 withered plants (D:2)
8 creatures vanquished.

Grand Total: 137 creatures vanquished

Table legend:
 A = Non-vault XP
 B = Vault XP
 C = Vault XP percentage of total XP
 D = Non-vault monster count
 E = Vault monster count
 F = Vault count percentage of total count
                 A         B        C        D         E       F
            +---------+---------+-------+---------+---------+-------
      Total |    2922 |     884 |  23.2 |     109 |      20 |  15.5
            +---------+---------+-------+---------+---------+-------
        D:1 |      51 |       0 |   0.0 |      26 |       0 |   0.0
        D:2 |      94 |       0 |   0.0 |      11 |       0 |   0.0
        D:3 |     222 |     477 |  68.2 |      12 |      10 |  45.5
        D:4 |     287 |      40 |  12.2 |      17 |       3 |  15.0
        D:5 |     586 |      99 |  14.5 |      15 |       1 |   6.2
        D:6 |    1298 |       0 |   0.0 |      19 |       0 |   0.0
        D:7 |     384 |     129 |  25.1 |       9 |       3 |  25.0
     Bailey |       0 |     139 | 100.0 |       0 |       3 | 100.0
            +---------+---------+-------+---------+---------+-------

Illustrated notes

Table legend:
 A = Kills in this place as a percentage of kills in entire the game.
 B = Kills by you in this place as a percentage of kills by you in the entire game.
 C = Kills by friends in this place as a percentage of kills by friends in the entire game.
 D = Other kills in this place as a percentage of other kills in the entire game.
 E = Experience gained in this place as a percentage of experience gained in the entire game.
 F = Experience gained in this place divided by the number of levels of this place that you have seen.
                   A       B       C       D       E      F
               +-------+-------+-------+-------+-------+----------------------
         Total | 100.0 | 100.0 |   N/A |   N/A | 100.0 | 422.9
       Dungeon |  97.7 |  97.7 |   N/A |   N/A |  96.3 | 523.9
        Bailey |   2.3 |   2.3 |   N/A |   N/A |   3.7 | 139.0
               +-------+-------+-------+-------+-------+----------------------

Table legend: (Time is in decaauts)
 A = Elapsed time spent in this place.
 B = Non-inter-level travel time spent in this place.
 C = Inter-level travel time spent in this place.
 D = Time resting spent in this place.
 E = Time spent auto-exploring this place.
 F = Levels seen in this place.
 G = Mean time per level.
                   A        B        C        D        E       F      G
               +--------+--------+--------+--------+--------+-----+--------+
         Total |   7156 |   7001 |    155 |    587 |   4669 |   9 |  795.1 |
       Dungeon |   6923 |   6768 |    155 |    587 |   4669 |   7 |  989.0 |
        Temple |    166 |    166 |      0 |      0 |      0 |   1 |  166.0 |
        Bailey |     66 |     66 |      0 |      0 |      0 |   1 |   66.0 |
               +--------+--------+--------+--------+--------+-----+--------+

Top non-repeatable levels by time:
     D:6: 1360 daAuts
     D:5: 1358 daAuts
     D:3: 1349 daAuts
     D:4: 1168 daAuts
     D:1: 868 daAuts
     D:2: 654 daAuts
  Temple: 166 daAuts
     D:7: 164 daAuts
  Bailey: 66 daAuts
